[Event "Cellavision Cup 2019"]
[Site "Lund"]
[Date "2019.08.02"]
[Round "3.16"]
[White "Lindberg, Bengt"]
[Black "Jogstad, Daniel"]
[Result "1-0"]
[ECO "B80"]
[WhiteElo "2384"]
[BlackElo "2154"]
[Annotator "NA"]
[PlyCount "81"]
[EventDate "2019.08.02"]
[EventType "swiss"]
[EventCountry "SWE"]
[SourceTitle "playchess.com"]
[Source "ChessBase"]
[SourceQuality "1"]
[TimeControl "900+5"]

1. e4 c5 2. Nf3 e6 3. d4 cxd4 4. Nxd4 Nf6 5. Nc3 d6 6. Be3 Be7 7. f3 O-O 8. Qd2 Nc6 9. O-O-O d5 10. exd5 Nxd5 11. Nxd5 Qxd5 12. c4 Qd7 13. Be2 Bf6 14. Nb5 Qe7 15. Qd6 Qxd6 16. Nxd6 Rd8 17. a3 Be7 18. Nb5 Bd7 19. Kb1 e5 20. Bd3 Be6 21. Nc7 Rac8 22. Nxe6 fxe6 23. b4 Nd4 24. c5 a5 25. Bc4 Kf7 26. f4 Nf5 27. Bc1 h5 28. fxe5 b6 29. Ba6 bxc5 30. Bxc8 Rxc8 31. bxa5 Ke8 32. Kc2 Nd4+ 33. Kc3 Ra8 34. Be3 Nb5+ 35. Kd3 Rxa5 36. Ra1 Nxa3 37. Bc1 c4+ 38. Ke4 Ra4 39. Bxa3 Bxa3 40. Ra2 Ra5 41. Rha1 1-0

[Event "Cellavision Cup 2019"]
[Site "Lund"]
[Date "2019.08.03"]
[Round "5.1"]
[White "Kulaots, Kaido"]
[Black "Dourerassou, Jonathan"]
[Result "1-0"]
[ECO "D35"]
[WhiteElo "2560"]
[BlackElo "2477"]
[Annotator "ChessBase"]
[PlyCount "121"]
[EventDate "2019.08.02"]
[EventType "swiss"]
[EventCountry "SWE"]
[SourceTitle "playchess.com"]
[Source "ChessBase"]
[SourceQuality "1"]
[TimeControl "5400+30"]

1. d4 d5 2. c4 e6 3. Nc3 Nf6 4. cxd5 exd5 5. Bg5 Be7 6. e3 Nbd7 7. Bd3 c6 8. Nge2 Nh5 9. Bxe7 Qxe7 10. g4 Nhf6 11. Ng3 Nb6 12. g5 Ng8 13. h4 Qb4 14. Qc2 Ne7 15. a3 Qd6 16. h5 Bd7 17. Bxh7 g6 18. hxg6 fxg6 19. Rh6 O-O-O 20. O-O-O Nc4 21. Nce4 Qc7 22. Qe2 Nxa3 23. bxa3 dxe4 24. Nxe4 Bf5 25. Nf6 Qa5 26. e4 Be6 27. Qe3 Bb3 28. Rd2 Qb5 29. f4 Kb8 30. Rh1 Ka8 31. Qc3 Bg8 32. Qb4 Qxb4 33. axb4 Be6 34. Kc2 a6 35. Rh6 Ka7 36. Kc3 Kb6 37. Rh1 Ra8 38. Ra1 Kc7 39. Ra5 Bf7 40. Re5 Kd6 41. Rh2 b5 42. f5 a5 43. bxa5 Rxa5 44. Rb2 b4+ 45. Rxb4 Ra3+ 46. Kc2 gxf5 47. Rb7 Be6 48. Rxe7 Kxe7 49. exf5 Rha8 50. Rxe6+ Kf7 51. Bg6+ Kf8 52. Nd7+ Kg8 53. Re8+ Rxe8 54. Bxe8 Ra8 55. g6 Kh8 56. Bf7 c5 57. f6 cxd4 58. g7+ Kh7 59. Nf8+ Kh6 60. g8=Q d3+ 61. Kc3 1-0

[Event "Cellavision Cup 2019"]
[Site "Lund"]
[Date "2019.08.03"]
[Round "5.2"]
[White "Popilski, Gil"]
[Black "Burg, Twan"]
[Result "1/2-1/2"]
[ECO "E47"]
[WhiteElo "2467"]
[BlackElo "2526"]
[Annotator "ChessBase"]
[PlyCount "57"]
[EventDate "2019.08.02"]
[EventType "swiss"]
[EventCountry "SWE"]
[SourceTitle "playchess.com"]
[Source "ChessBase"]
[SourceQuality "1"]
[TimeControl "5400+30"]

1. d4 Nf6 2. c4 e6 3. Nc3 Bb4 4. e3 O-O 5. Bd3 c5 6. Nge2 cxd4 7. exd4 d5 8. cxd5 Nxd5 9. O-O Nc6 10. Bc2 Be7 11. Qd3 Nf6 12. a3 b6 13. Bg5 g6 14. Rad1 Bb7 15. Rfe1 Nd5 16. Bh6 Re8 17. Nxd5 exd5 18. Nf4 Rc8 19. Bb3 Na5 20. Ba4 Bc6 21. Bxc6 Nxc6 22. h3 Qd6 23. Qg3 Bf8 24. Bxf8 Rxe1+ 25. Rxe1 Rxf8 26. Qg5 Nxd4 27. Nxd5 f6 28. Ne7+ Qxe7 29. Qd5+ 1/2-1/2

[Event "Cellavision Cup 2019"]
[Site "Lund"]
[Date "2019.08.03"]
[Round "5.3"]
[White "Seo, Jung Min"]
[Black "Marin, Mihail"]
[Result "1/2-1/2"]
[ECO "A80"]
[WhiteElo "2399"]
[BlackElo "2525"]
[Annotator "ChessBase"]
[PlyCount "63"]
[EventDate "2019.08.02"]
[EventType "swiss"]
[EventCountry "SWE"]
[SourceTitle "playchess.com"]
[Source "ChessBase"]
[SourceQuality "1"]
[TimeControl "5400+30"]

1. d4 f5 2. Bg5 g6 3. h4 Bg7 4. e3 d6 5. Nc3 h6 6. Bf4 Nf6 7. Bc4 e6 8. Nge2 Qe7 9. Bh2 e5 10. Qd2 Be6 11. Bb3 Bxb3 12. axb3 Nc6 13. O-O-O O-O-O 14. Kb1 Qf7 15. f3 Nd5 16. Nxd5 Qxd5 17. dxe5 Qxd2 18. Rxd2 Bxe5 19. Bxe5 dxe5 20. Rxd8+ Rxd8 21. Kc1 Kd7 22. Rd1+ Ke6 23. Rxd8 Nxd8 24. Kd2 Nf7 25. Nc3 Nd6 26. Kd3 c6 27. g3 h5 28. e4 Nf7 29. Ke3 Nd6 30. Kd3 Nf7 31. Ke3 Nd6 32. Kd3 1/2-1/2

[Event "Cellavision Cup 2019"]
[Site "Lund"]
[Date "2019.08.03"]
[Round "5.4"]
[White "Hector, Jonny"]
[Black "Kristiansen, Jens"]
[Result "1-0"]
[ECO "B81"]
[WhiteElo "2487"]
[BlackElo "2400"]
[Annotator "ChessBase"]
[PlyCount "57"]
[EventDate "2019.08.02"]
[EventType "swiss"]
[EventCountry "SWE"]
[SourceTitle "playchess.com"]
[Source "ChessBase"]
[SourceQuality "1"]
[TimeControl "5400+30"]

1. e4 c5 2. Nf3 d6 3. d4 cxd4 4. Nxd4 Nf6 5. Nc3 e6 6. g4 h6 7. h4 Be7 8. Qf3 Nc6 9. Nxc6 bxc6 10. g5 Nd7 11. gxh6 gxh6 12. Bd2 Bxh4 13. O-O-O Qe7 14. e5 Nxe5 15. Qe4 Bf6 16. f4 d5 17. Qa4 Nd7 18. Qxc6 Rb8 19. Bb5 Kf8 20. Nxd5 exd5 21. a3 a5 22. Bxa5 Qe3+ 23. Kb1 Be7 24. Rde1 Qc5 25. Bb4 Qxc6 26. Bxe7+ Kg7 27. Bxc6 Nb6 28. Reg1+ Kh7 29. Bf6 1-0

[Event "Cellavision Cup 2019"]
[Site "Lund"]
[Date "2019.08.03"]
[Round "5.6"]
[White "Kryakvin, Dmitry"]
[Black "Smith, Axel"]
[Result "1-0"]
[ECO "A04"]
[WhiteElo "2586"]
[BlackElo "2469"]
[Annotator "ChessBase"]
[PlyCount "185"]
[EventDate "2019.08.02"]
[EventType "swiss"]
[EventCountry "SWE"]
[SourceTitle "playchess.com"]
[Source "ChessBase"]
[SourceQuality "1"]
[TimeControl "5400+30"]

1. Nf3 c5 2. c4 Nc6 3. Nc3 e5 4. g3 d6 5. Bg2 g6 6. d3 Nge7 7. Nd2 Be6 8. Nd5 Bg7 9. Nb1 Rb8 10. Nbc3 a6 11. Bg5 h6 12. Bxe7 Nxe7 13. Nxe7 Qxe7 14. Nd5 Bxd5 15. Bxd5 e4 16. O-O exd3 17. Qxd3 Qf6 18. Rab1 a5 19. Qe4+ Qe5 20. Qc2 b6 21. Rfd1 Kf8 22. Rd3 Bf6 23. Re3 Qh5 24. Rd1 Kg7 25. Bf3 Qf5 26. Qxf5 gxf5 27. Rxd6 Rhd8 28. Rd5 Rxd5 29. Bxd5 a4 30. Ra3 b5 31. cxb5 Rxb5 32. b3 axb3 33. axb3 Be7 34. Ra7 Kf6 35. Ra6+ Kg7 36. Kg2 Rb8 37. Bc4 Rd8 38. Bd3 Rb8 39. Bc2 Rb4 40. Kf3 f4 41. gxf4 c4 42. bxc4 Rxc4 43. Be4 Rc3+ 44. Bd3 Rc5 45. Kg3 Rc7 46. Kg4 Rb7 47. Rc6 Rb4 48. Kf5 Ra4 49. h3 Ra1 50. Rc7 Kf8 51. Kg4 Rf1 52. Kg3 Ra1 53. Rd7 Rg1+ 54. Kf3 Rh1 55. Kg2 Ra1 56. Bc4 Rc1 57. Bd5 Rd1 58. e4 f5 59. Rb7 fxe4 60. Bxe4 Rd2 61. Kg3 Rd4 62. f3 Rb4 63. Rd7 Rb6 64. Kg4 Rf6 65. f5 Ra6 66. Rb7 Kf7 67. Kh5 Ra1 68. Rb6 Bg5 69. Bd5+ Ke7 70. Re6+ Kd8 71. Kg6 Ra5 72. Be4 Bf4 73. f6 Rg5+ 74. Kf7 Rg3 75. Rc6 Kd7 76. Rc4 Be5 77. Rc5 Bf4 78. Rd5+ Bd6 79. Bf5+ Kc7 80. Ke6 Bb4 81. Rd4 Ba3 82. Rc4+ Kb6 83. Rc3 Bf8 84. Rc8 Ba3 85. f7 Rxf3 86. f8=Q Bxf8 87. Rxf8 Rf4 88. Rh8 Rh4 89. Kf6 Kc6 90. Kg6 Kd6 91. Rxh6 Rxh6+ 92. Kxh6 Ke7 93. Kg7 1-0

[Event "Cellavision Cup 2019"]
[Site "Lund"]
[Date "2019.08.03"]
[Round "5.7"]
[White "Akesson, Ralf"]
[Black "Cramling, Pia"]
[Result "1-0"]
[ECO "E46"]
[WhiteElo "2365"]
[BlackElo "2479"]
[Annotator "ChessBase"]
[PlyCount "81"]
[EventDate "2019.08.02"]
[EventType "swiss"]
[EventCountry "SWE"]
[SourceTitle "playchess.com"]
[Source "ChessBase"]
[SourceQuality "1"]
[TimeControl "5400+30"]

1. d4 Nf6 2. c4 e6 3. Nc3 Bb4 4. e3 O-O 5. Nge2 d5 6. a3 Be7 7. cxd5 exd5 8. Ng3 Re8 9. Bd3 a5 10. O-O Bf8 11. Bd2 Na6 12. Nce2 c5 13. Bb5 Re7 14. Bxa6 Rxa6 15. dxc5 Ne4 16. Rc1 Rh6 17. f3 Nxg3 18. Nxg3 Re8 19. Rf2 b6 20. cxb6 Qxb6 21. Bc3 Qd8 22. Qa4 Bd6 23. Bxa5 Qe7 24. Bd2 Bd7 25. Qd4 Be5 26. Qb4 Bd6 27. Qd4 Be5 28. Qxd5 Rd6 29. Qa5 Rh6 30. Qb4 Bd6 31. Qc4 Rh4 32. f4 g5 33. Qd4 f6 34. Nf1 Be5 35. Qd3 Bd6 36. b4 Be6 37. Rc6 Rd8 38. Qe4 Qf7 39. Qc2 Qd7 40. Rc3 Qa7 41. Rc6 1-0

[Event "Cellavision Cup 2019"]
[Site "Lund"]
[Date "2019.08.03"]
[Round "5.8"]
[White "Blomqvist, Erik"]
[Black "Ernst, Thomas"]
[Result "1-0"]
[ECO "C77"]
[WhiteElo "2492"]
[BlackElo "2335"]
[Annotator "ChessBase"]
[PlyCount "89"]
[EventDate "2019.08.02"]
[EventType "swiss"]
[EventCountry "SWE"]
[SourceTitle "playchess.com"]
[Source "ChessBase"]
[SourceQuality "1"]
[TimeControl "5400+30"]

1. e4 e5 2. Nf3 Nc6 3. Bb5 a6 4. Ba4 Nf6 5. d3 d6 6. c3 g6 7. h3 Bg7 8. Be3 O-O 9. O-O b5 10. Bc2 d5 11. Nbd2 Re8 12. a4 Rb8 13. axb5 axb5 14. Re1 h6 15. Qc1 Kh7 16. Nb3 Bf8 17. Rd1 Qe7 18. Bc5 Qe6 19. Bxf8 Rxf8 20. Nc5 Qe7 21. b4 Rd8 22. Bb3 Kg7 23. Qc2 dxe4 24. dxe4 Rxd1+ 25. Qxd1 Qd6 26. Qe2 Nd7 27. Rd1 Qe7 28. Nxd7 Bxd7 29. Qa2 Be8 30. Rd5 f6 31. Ne1 Bf7 32. Rd1 Rd8 33. Rxd8 Bxb3 34. Qxb3 Qxd8 35. Qe6 Ne7 36. Nd3 Qd6 37. Nc5 g5 38. Qxd6 cxd6 39. Ne6+ Kf7 40. Nc7 f5 41. f3 fxe4 42. fxe4 Nc8 43. Nxb5 Ke6 44. Nc7+ Kd7 45. Nd5 1-0

[Event "Cellavision Cup 2019"]
[Site "Lund"]
[Date "2019.08.03"]
[Round "5.9"]
[White "Svensson, Mikael"]
[Black "Jepson, Christian"]
[Result "1/2-1/2"]
[ECO "A48"]
[WhiteElo "2147"]
[BlackElo "2391"]
[Annotator "NA"]
[PlyCount "103"]
[EventDate "2019.08.02"]
[EventType "swiss"]
[EventCountry "SWE"]
[SourceTitle "playchess.com"]
[Source "ChessBase"]
[SourceQuality "1"]
[TimeControl "5400+30"]

1. d4 Nf6 2. Nf3 g6 3. Nbd2 c5 4. c3 cxd4 5. cxd4 d5 6. e3 Bg7 7. Bd3 O-O 8. O-O Nc6 9. a3 Qd6 10. Nb3 Ne4 11. Qc2 f5 12. Bd2 b6 13. Rac1 Bd7 14. Ba6 Rab8 15. Qd3 Nxd2 16. Qxd2 Nd8 17. Qb4 Ne6 18. Qxd6 exd6 19. Bd3 Rfc8 20. g3 Kf7 21. h4 Kf6 22. Kg2 h6 23. Rxc8 Rxc8 24. Rc1 g5 25. Ba6 Rb8 26. Rc3 f4 27. gxf4 gxf4 28. Nc1 fxe3 29. fxe3 Kf7 30. Nd3 Nc5 31. dxc5 Bxc3 32. c6 Bxc6 33. bxc3 Bb7 34. Bxb7 Rxb7 35. Nf4 Rc7 36. Nxd5 Rc5 37. e4 Ra5 38. Nd4 Rxa3 39. Kf3 a5 40. Nb5 Ra1 41. Nxd6+ Ke6 42. Nc4 a4 43. Nc7+ Kd7 44. Nb5 Kc6 45. Nca3 h5 46. Kf4 Rg1 47. Ke5 Rg4 48. Nd4+ Kc5 49. Ne6+ Kc6 50. Nd4+ Kc5 51. Ne6+ Kc6 52. Nd4+ 1/2-1/2

[Event "Cellavision Cup 2019"]
[Site "Lund"]
[Date "2019.08.03"]
[Round "5.10"]
[White "Lindberg, Bengt"]
[Black "Olsson, Simon"]
[Result "1-0"]
[ECO "B33"]
[WhiteElo "2384"]
[BlackElo "2176"]
[Annotator "NA"]
[PlyCount "89"]
[EventDate "2019.08.02"]
[EventType "swiss"]
[EventCountry "SWE"]
[SourceTitle "playchess.com"]
[Source "ChessBase"]
[SourceQuality "1"]
[TimeControl "5400+30"]

1. e4 c5 2. Nf3 Nc6 3. d4 cxd4 4. Nxd4 Nf6 5. Nc3 e6 6. Ndb5 Bc5 7. Bf4 O-O 8. Bd6 Qb6 9. Bxc5 Qxc5 10. Qd6 Qb6 11. Qc7 Qc5 12. Qd6 Qb6 13. Rb1 Ne8 14. Qd2 f5 15. Bd3 a6 16. Na3 fxe4 17. Nxe4 d5 18. Ng5 h6 19. Nf3 e5 20. Be2 Nf6 21. O-O Be6 22. c3 Ne4 23. Qe1 Rf4 24. b4 Raf8 25. b5 axb5 26. Rxb5 Qa7 27. Nc2 Qxa2 28. Nb4 Qa7 29. Nxd5 Bxd5 30. Rxd5 Nxf2 31. Qxf2 Qxf2+ 32. Rxf2 e4 33. Rb5 Nd8 34. Rf1 exf3 35. Bxf3 Kh8 36. Rc1 R4f7 37. Rb6 Rc7 38. c4 Nc6 39. Bd5 Nd8 40. Rf1 Re8 41. h4 Rce7 42. Rf4 Kh7 43. Kh2 Rc7 44. Kh3 Nc6 45. h5 1-0

[Event "Cellavision Cup 2019"]
[Site "Lund"]
[Date "2019.08.03"]
[Round "5.11"]
[White "Fransson, Patrick"]
[Black "Rostgaard, Tobias Valentin"]
[Result "1/2-1/2"]
[ECO "D00"]
[WhiteElo "2113"]
[BlackElo "2390"]
[Annotator "NA"]
[PlyCount "73"]
[EventDate "2019.08.02"]
[EventType "swiss"]
[EventCountry "SWE"]
[SourceTitle "playchess.com"]
[Source "ChessBase"]
[SourceQuality "1"]
[TimeControl "5400+30"]

1. d4 d5 2. Bg5 h6 3. Bh4 Bf5 4. e3 c6 5. Bd3 Bxd3 6. Qxd3 Qb6 7. Nd2 Nd7 8. Ngf3 e6 9. O-O Ngf6 10. c4 Qa6 11. a3 Be7 12. b4 O-O 13. Qb3 b5 14. c5 Qb7 15. a4 a6 16. Ra3 g5 17. Bg3 Nh5 18. Rfa1 Nxg3 19. hxg3 Ra7 20. Qd3 Rfa8 21. Ne5 Nxe5 22. dxe5 Qb8 23. f4 bxa4 24. Rxa4 a5 25. bxa5 Bxc5 26. Nf1 Qb5 27. Qd1 Rxa5 28. Rxa5 Rxa5 29. Rb1 Bb4 30. Qh5 gxf4 31. Qxh6 c5 32. Qg5+ Kf8 33. Rxb4 cxb4 34. Qd8+ Kg7 35. Qg5+ Kf8 36. Qd8+ Kg7 37. Qg5+ 1/2-1/2

[Event "Cellavision Cup 2019"]
[Site "Lund"]
[Date "2019.08.03"]
[Round "5.12"]
[White "Schneider, Stefan"]
[Black "Mansson, Peter"]
[Result "1-0"]
[ECO "A61"]
[WhiteElo "2379"]
[BlackElo "2165"]
[Annotator "NA"]
[PlyCount "92"]
[EventDate "2019.08.02"]
[EventType "swiss"]
[EventCountry "SWE"]
[SourceTitle "playchess.com"]
[Source "ChessBase"]
[SourceQuality "1"]
[TimeControl "5400+30"]

1. d4 Nf6 2. Nf3 c5 3. d5 e6 4. c4 exd5 5. cxd5 g6 6. Nc3 d6 7. Bf4 Bg7 8. h3 O-O 9. e3 b6 10. Be2 Ba6 11. O-O Bxe2 12. Qxe2 a6 13. a4 Qe7 14. Nd2 Nbd7 15. Nc4 Ne8 16. Bh2 f5 17. Kh1 Rf6 18. Rfe1 g5 19. f4 Rg6 20. e4 Bxc3 21. exf5 Qxe2 22. Rxe2 Rf6 23. bxc3 Rxf5 24. Ne3 Rf7 25. Ng4 Rg7 26. Nh6+ Kf8 27. Rf1 g4 28. hxg4 Ndf6 29. c4 Nxg4 30. Nxg4 Rxg4 31. Rb1 Ng7 32. Rxb6 Nf5 33. Kg1 Re8 34. Rxe8+ Kxe8 35. Rxa6 Ne3 36. g3 Nxc4 37. a5 Kf7 38. Ra8 Kf6 39. Kf2 Rg7 40. a6 Nb6 41. Rf8+ Ke7 42. Rb8 Nxd5 43. a7 Nc7 44. Rb7 Rg8 45. Rxc7+ Ke6 46. Ke3 Kd5 {Ke4+} 1-0

[Event "Cellavision Cup 2019"]
[Site "Lund"]
[Date "2019.08.03"]
[Round "5.13"]
[White "Hakansson, Stefan"]
[Black "Malmstig, Erik"]
[Result "0-1"]
[ECO "A45"]
[WhiteElo "2059"]
[BlackElo "2357"]
[Annotator "NA"]
[PlyCount "98"]
[EventDate "2019.08.02"]
[EventType "swiss"]
[EventCountry "SWE"]
[SourceTitle "playchess.com"]
[Source "ChessBase"]
[SourceQuality "1"]
[TimeControl "5400+30"]

1. d4 Nf6 2. Bf4 e6 3. e3 b6 4. Nf3 Bb7 5. h3 d6 6. Nbd2 Nbd7 7. c3 Qe7 8. Bh2 g6 9. Be2 Bg7 10. O-O O-O 11. Ne1 e5 12. a4 a5 13. Bf3 e4 14. Be2 Nd5 15. Qb3 Rae8 16. Nc2 Kh8 17. Rfe1 f5 18. Bf1 N5f6 19. Na3 Nh5 20. Nb5 Ndf6 21. c4 Rc8 22. Rac1 Rfd8 23. Na7 Ra8 24. Nb5 Ne8 25. Be2 Nhf6 26. Nc3 Bh6 27. Nf1 Rab8 28. Nb5 Qf7 29. d5 Nd7 30. Nd4 Nc5 31. Qc2 Nf6 32. Nd2 Qe8 33. b3 Bg7 34. Nb1 Nfd7 35. Rcd1 Qe7 36. f4 exf3 37. Bxf3 Re8 38. Nc3 Ne5 39. Be2 Nf7 40. Bf1 Qg5 41. Bf4 Qf6 42. Ncb5 Re7 43. Re2 Rbe8 44. Rde1 Ng5 45. Nf3 Nge4 46. Nbd4 g5 47. Bh2 g4 48. hxg4 fxg4 49. Nd2 g3 0-1

[Event "Cellavision Cup 2019"]
[Site "Lund"]
[Date "2019.08.03"]
[Round "5.14"]
[White "Bellon Lopez, Juan Manuel"]
[Black "Jogstad, Daniel"]
[Result "1/2-1/2"]
[ECO "E70"]
[WhiteElo "2343"]
[BlackElo "2154"]
[Annotator "NA"]
[PlyCount "155"]
[EventDate "2019.08.02"]
[EventType "swiss"]
[EventCountry "SWE"]
[SourceTitle "playchess.com"]
[Source "ChessBase"]
[SourceQuality "1"]
[TimeControl "5400+30"]

1. d4 Nf6 2. c4 g6 3. Nc3 Bg7 4. e4 d6 5. Bg5 O-O 6. Qd2 c5 7. d5 a6 8. f3 b5 9. cxb5 axb5 10. Bxb5 Ba6 11. a4 Qb6 12. Nge2 Bxb5 13. Nxb5 Nbd7 14. O-O Ne5 15. b3 c4+ 16. Be3 Qb7 17. b4 Rfc8 18. Bd4 Nd3 19. Qc3 Qd7 20. g3 h5 21. Nc1 h4 22. Nxd3 cxd3 23. Qxd3 hxg3 24. Ra2 gxh2+ 25. Kxh2 Nh5 26. Qe3 Bxd4 27. Nxd4 Rxa4 28. Rxa4 Qxa4 29. Nc6 Re8 30. Rc1 Qa2+ 31. Kg1 e5 32. dxe6 Qxe6 33. Nd4 Qh3 34. Ne2 d5 35. e5 Ng3 36. Rc2 Qh1+ 37. Kf2 Qh2+ 38. Ke1 Nf5 39. Qf4 Qxf4 40. Nxf4 Rxe5+ 41. Re2 Ne3 42. Nxd5 Ng2+ 43. Kf2 Rxd5 44. Kxg2 Rb5 45. Re4 f5 46. Rd4 Kf7 47. Kf2 Ke6 48. f4 Rb6 49. Kg3 Kf6 50. Kh4 Rb8 51. Rd6+ Ke7 52. Rxg6 Rxb4 53. Kg5 Rb5 54. Ra6 Rc5 55. Kg6 Rb5 56. Ra7+ Ke6 57. Ra1 Rd5 58. Re1+ Kd6 59. Kf6 Kd7 60. Re7+ Kd8 61. Re1 Kd7 62. Ra1 Rd6+ 63. Ke5 Rb6 64. Kxf5 Ke7 65. Ra7+ Kf8 66. Kg5 Rc6 67. Rd7 Rc5+ 68. Kf6 Rc6+ 69. Ke5 Ra6 70. Rb7 Rc6 71. f5 Ra6 72. Kf4 Rc6 73. Kg5 Ra6 74. f6 Ra1 75. f7 Rg1+ 76. Kf4 Rf1+ 77. Ke3 Rxf7 78. Rxf7+ 1/2-1/2

[Event "Cellavision Cup 2019"]
[Site "Lund"]
[Date "2019.08.03"]
[Round "5.15"]
[White "Olund, Joar"]
[Black "Unmack, Christian"]
[Result "1-0"]
[ECO "A45"]
[WhiteElo "2313"]
[BlackElo "2133"]
[Annotator "NA"]
[PlyCount "61"]
[EventDate "2019.08.02"]
[EventType "swiss"]
[EventCountry "SWE"]
[SourceTitle "playchess.com"]
[Source "ChessBase"]
[SourceQuality "1"]
[TimeControl "5400+30"]

1. d4 Nf6 2. Bg5 d5 3. Bxf6 gxf6 4. e3 e6 5. Nf3 c6 6. c4 b6 7. Bd3 Bb7 8. Nc3 Nd7 9. cxd5 cxd5 10. e4 dxe4 11. Bxe4 Bxe4 12. Nxe4 Bb4+ 13. Nc3 Qe7 14. Rc1 Rd8 15. O-O h5 16. Qe2 Bd6 17. d5 Ne5 18. dxe6 fxe6 19. Rfd1 Ng4 20. Ne4 Bf4 21. Rxd8+ Qxd8 22. Rd1 Qc7 23. Nxf6+ Nxf6 24. Qxe6+ Qe7 25. Qc8+ Kf7 26. Qxh8 Qe2 27. Re1 Qxb2 28. Qc8 Qxa2 29. Qf5 Qc4 30. g3 Bd6 31. Re6 1-0

[Event "Cellavision Cup 2019"]
[Site "Lund"]
[Date "2019.08.03"]
[Round "5.16"]
[White "Kucuksari, Kaan"]
[Black "Eriksson, Kristian"]
[Result "1-0"]
[ECO "A99"]
[WhiteElo "2310"]
[BlackElo "2123"]
[Annotator "NA"]
[PlyCount "61"]
[EventDate "2019.08.02"]
[EventType "swiss"]
[EventCountry "SWE"]
[SourceTitle "playchess.com"]
[Source "ChessBase"]
[SourceQuality "1"]
[TimeControl "5400+30"]

1. d4 e6 2. c4 f5 3. Nf3 Nf6 4. g3 Be7 5. Bg2 O-O 6. O-O d6 7. Nc3 Qe8 8. b3 Qh5 9. e3 a5 10. Nd2 Qg6 11. Bb2 c6 12. d5 e5 13. Nf3 c5 14. Qe2 Ne4 15. Nb5 Bd7 16. Nc7 Ra7 17. Ne1 b6 18. Nb5 Bxb5 19. cxb5 Nd7 20. a4 Rc7 21. Rc1 Rfc8 22. Rc4 Ng5 23. f4 Nf7 24. e4 fxe4 25. Bxe4 Qh6 26. Bf5 Rf8 27. Bc1 Nd8 28. fxe5 Bg5 29. exd6 Rb7 30. Rh4 Qf6 31. Bxh7+ 1-0

[Event "Cellavision Cup 2019"]
[Site "Lund"]
[Date "2019.08.03"]
[Round "6.5"]
[White "Dourerassou, Jonathan"]
[Black "Popilski, Gil"]
[Result "0-1"]
[ECO "B91"]
[WhiteElo "2477"]
[BlackElo "2467"]
[Annotator "ChessBase"]
[PlyCount "88"]
[EventDate "2019.08.02"]
[EventType "swiss"]
[EventCountry "SWE"]
[SourceTitle "playchess.com"]
[Source "ChessBase"]
[SourceQuality "1"]
[TimeControl "5400+30"]

1. e4 c5 2. Nf3 d6 3. d4 Nf6 4. Nc3 cxd4 5. Nxd4 a6 6. g3 e6 7. Bg2 Be7 8. O-O O-O 9. Be3 Qc7 10. Qe2 Nc6 11. Rad1 Bd7 12. f4 b5 13. Nb3 b4 14. Na4 Rab8 15. e5 Nd5 16. exd6 Bxd6 17. Nac5 Nxe3 18. Qxe3 Bc8 19. Rd3 Na5 20. Qd4 Be7 21. Rfd1 Rb5 22. Ne4 Rd5 23. Qe3 Nc4 24. Qc1 Qb6+ 25. Nf2 Rxd3 26. Rxd3 Bf6 27. c3 bxc3 28. bxc3 Rd8 29. Rxd8+ Bxd8 30. Bf3 Bf6 31. Qd1 Bxc3 32. Qd3 Be1 33. Kh1 Nd6 34. Ne4 Nxe4 35. Bxe4 g6 36. Nd4 Bb7 37. Nf3 Ba5 38. Ne5 Bxe4+ 39. Qxe4 Qf2 40. Qf3 Qxa2 41. Qa8+ Kg7 42. Qxa6 Qd5+ 43. Kg1 Bc3 44. Ng4 Qd1+ 0-1

[Event "Cellavision Cup 2019"]
[Site "Lund"]
[Date "2019.08.03"]
[Round "6.6"]
[White "Kucuksari, Kaan"]
[Black "Blomqvist, Erik"]
[Result "0-1"]
[ECO "D02"]
[WhiteElo "2310"]
[BlackElo "2492"]
[Annotator "ChessBase"]
[PlyCount "66"]
[EventDate "2019.08.02"]
[EventType "swiss"]
[EventCountry "SWE"]
[SourceTitle "playchess.com"]
[Source "ChessBase"]
[SourceQuality "1"]
[TimeControl "5400+30"]

1. d4 d5 2. Nf3 Nf6 3. c4 e6 4. g3 Bb4+ 5. Bd2 a5 6. Bg2 O-O 7. Qc2 c5 8. cxd5 cxd4 9. Nxd4 Qb6 10. Nf3 exd5 11. O-O Nc6 12. a3 Be7 13. Rd1 d4 14. Bg5 Be6 15. Nbd2 Rac8 16. Rac1 Rfd8 17. Qb1 h6 18. Bxf6 Bxf6 19. Nc4 Qa6 20. Qd3 Nb4 21. axb4 Bxc4 22. Qf5 Be6 23. Qe4 Bd5 24. Qd3 Bc4 25. Qf5 b6 26. Bf1 axb4 27. Nd2 Be6 28. Qd3 Qa2 29. Rxc8 Rxc8 30. Ne4 Be7 31. Qd2 f5 32. Bh3 fxe4 33. b3 Qxb3 0-1

[Event "Cellavision Cup 2019"]
[Site "Lund"]
[Date "2019.08.03"]
[Round "6.7"]
[White "Kristiansen, Jens"]
[Black "Silseth, Simon"]
[Result "1/2-1/2"]
[ECO "D35"]
[WhiteElo "2400"]
[BlackElo "2264"]
[Annotator "NA"]
[PlyCount "119"]
[EventDate "2019.08.02"]
[EventType "swiss"]
[EventCountry "SWE"]
[SourceTitle "playchess.com"]
[Source "ChessBase"]
[SourceQuality "1"]
[TimeControl "5400+30"]

1. d4 d5 2. c4 e6 3. Nc3 Nf6 4. cxd5 exd5 5. Bg5 c6 6. e3 Be7 7. Bd3 Nbd7 8. Nge2 O-O 9. Qc2 Re8 10. O-O Nf8 11. f3 g6 12. Kh1 Ne6 13. Bh4 Nh5 14. Bxe7 Rxe7 15. Rad1 Bd7 16. Qc1 b5 17. a3 a5 18. e4 Nc7 19. e5 f5 20. exf6 Nxf6 21. Ng3 Nce8 22. f4 Rg7 23. f5 g5 24. Qe3 h5 25. h3 h4 26. Nge2 Nd6 27. g4 b4 28. Na4 Qe7 29. Qxe7 Rxe7 30. Nc5 Rae8 31. Ng1 Nde4 32. Bxe4 Nxe4 33. Nxe4 dxe4 34. Rc1 bxa3 35. bxa3 Rb8 36. Rc5 Rb5 37. Rfc1 Kf7 38. Kg2 Re8 39. Kf2 Reb8 40. Ne2 Rb2 41. R1c2 Rxc2 42. Rxc2 Rb3 43. Rc3 Rb2 44. Rc5 Ke7 45. Ke3 Kd6 46. Nc3 Rb3 47. a4 Be8 48. Kd2 e3+ 49. Kxe3 Bf7 50. Kd2 Bd5 51. Kc2 Rb4 52. Rxa5 Bg2 53. f6 Rxd4 54. Rxg5 Rf4 55. Rh5 Bxh3 56. Rxh4 Bxg4 57. Rh6 Bf5+ 58. Kb2 Be6 59. a5 Kc5 60. Rh5+ 1/2-1/2

[Event "Cellavision Cup 2019"]
[Site "Lund"]
[Date "2019.08.03"]
[Round "6.8"]
[White "Frisk, Ellinor"]
[Black "Lindberg, Bengt"]
[Result "0-1"]
[ECO "A32"]
[WhiteElo "2264"]
[BlackElo "2384"]
[Annotator "ChessBase"]
[PlyCount "188"]
[EventDate "2019.08.02"]
[EventType "swiss"]
[EventCountry "SWE"]
[SourceTitle "playchess.com"]
[Source "ChessBase"]
[SourceQuality "1"]
[TimeControl "5400+30"]

1. Nf3 Nf6 2. c4 c5 3. d4 cxd4 4. Nxd4 e6 5. g3 a6 6. Bg2 Qc7 7. b3 Bb4+ 8. Bd2 Bc5 9. Bc3 O-O 10. O-O Rd8 11. Nd2 d5 12. cxd5 Nxd5 13. Bb2 e5 14. Nc2 Nc6 15. a3 Bg4 16. Rc1 Qe7 17. Qe1 Nd4 18. Nxd4 Bxd4 19. Bxd4 exd4 20. Nf3 d3 21. exd3 Qxa3 22. Nd4 Qd6 23. Rc4 Nb6 24. Nb5 Qg6 25. Nc7 Nxc4 26. Nxa8 Nd6 27. Nc7 Qxd3 28. Qe7 Rd7 29. Qg5 Qf5 30. Qxf5 Bxf5 31. Rc1 Kf8 32. Nd5 Be6 33. Kf1 Rd8 34. Ke2 Nf5 35. Nf4 Bxb3 36. Bxb7 g5 37. Nd3 a5 38. Rc5 Nd4+ 39. Kd2 a4 40. Ra5 h6 41. Kc3 Ne2+ 42. Kd2 Nc1 43. Kxc1 Rxd3 44. h4 gxh4 45. gxh4 Rd1+ 46. Kb2 Rd2+ 47. Kc3 Rxf2 48. h5 Rh2 49. Kb4 Kg7 50. Bc6 Bd1 51. Ka3 Rh3+ 52. Kb2 Rh2+ 53. Kc1 Bb3 54. Be8 Rc2+ 55. Kb1 Rc4 56. Kb2 Rg4 57. Kc3 Rg5 58. Ra7 Rxh5 59. Bxa4 Bxa4 60. Rxa4 Rd5 61. Ra1 h5 62. Rg1+ Kh6 63. Kc4 Rd7 64. Rh1 f5 65. Rf1 Kg5 66. Rg1+ Kf6 67. Rh1 Rh7 68. Kd3 h4 69. Ke3 h3 70. Rh2 Kg5 71. Kf3 f4 72. Kf2 Kg4 73. Kg1 Rd7 74. Ra2 Rd1+ 75. Kh2 Re1 76. Ra8 Re2+ 77. Kg1 Kg3 78. Rg8+ Kf3 79. Rf8 Rg2+ 80. Kh1 Ra2 81. Kg1 Ra5 82. Rf7 Rh5 83. Kh2 Ra5 84. Kg1 Ra8 85. Rf6 Re8 86. Rf7 Ke3 87. Kf1 f3 88. Ra7 h2 89. Ra3+ Kf4 90. Rxf3+ Kg4 91. Kf2 Rh8 92. Rg3+ Kf4 93. Rf3+ Ke4 94. Re3+ Kd4 0-1